AoeStats
← geebo

Arabia

509644160Analyzed
1v1 RM · 4d ago on Sep 27, 2026· 64m 24s· 2 players
Game mode
Random Map
Map size
Tiny (2 player)
Population
200
Speed
Normal
Resources
Standard
Victory
Conquest
Starting age
Dark Age
Ending age
Imperial Age
RankedLock teamsTeams togetherTeam positionsShared explorationLock speedFull tech treeHidden civsTurbo modeCheats
Victory
Defeat
🇺🇸 Malay · United States
990
+17
🇲🇽 Varangians · Mexico
1011
-17
geebo
7:37 Loom
10:37 Feudal Age
11:16 Horse Collar
11:26 Man-at-Arms
19:46 Wheelbarrow
19:09 Gold Mining
22:43 Castle Age
20:30 Town Watch
20:35 Double-Bit Axe
20:42 Stone Mining
22:31 Bow Saw
22:23 Heavy Plow
22:29 Squires
22:26 Fletching
22:48 Forging
23:06 Crossbowman
26:02 Fletching
27:22 Ballistics
29:47 Bodkin Arrow
29:57 Treadmill Crane
33:31 Padded Archer Armor
35:08 Masonry
36:26 Thumb Ring
37:05 Stone Shaft Mining
49:20 Hand Cart
53:16 Imperial Age
51:31 Husbandry
52:09 Iron Casting
51:59 Scale Barding Armor
52:31 Sanctity
57:42 Arbalester
58:31 Bracer
61:33 Leather Archer Armor
61:56 Crop Rotation
62:30 Block Printing
63:19 Light Cavalry
skorge_13
2:34 Loom
11:27 Feudal Age
18:30 Castle Age
17:26 Double-Bit Axe
19:10 Forging
27:53 Padded Archer Armor
49:48 Murder Holes
60:23 Imperial Age
Connection lost

Rejoining the realm…

Still unreachable

The connection could not be restored.

Session expired

The server has moved on; the page needs a fresh start.